 Dungeon Crawl Stone Soup version 0.20.1-1-g8b1a95d (webtiles) character file.

36 letownia2 the Grave Robber (level 3, -5/28 HPs)
             Began as a Deep Dwarf Necromancer on Dec 20, 2017.
             Killed from afar by an orc wizard (6 damage)
             ... with a puff of frost
             ... on level 3 of the Dungeon.
             The game lasted 00:01:48 (493 turns).

letownia2 the Grave Robber (Deep Dwarf Necromancer)  Turns: 493, Time: 00:01:49

Health: -5/28      AC:  5    Str: 11    XL:     3   Next: 19%
Magic:  0/6        EV: 11    Int: 16    God:
Gold:   35         SH:  0    Dex: 13    Spells: 6/7 levels left

rFire    . . .     SeeInvis .   e - +0 dagger
rCold    . . .     Gourm    .   (no shield)
rNeg     . . .     Faith    .   h - +0 ring mail
rPois    .         Spirit   .   (no helmet)
rElec    .         Reflect  .   (no cloak)
rCorr    .         Harm     .   (no gloves)
MR       .....                  (no boots)
Stlth    +.........             (no amulet)
Regen    0.0/turn               (no ring)
MPRegen  0.1/turn               (no ring)

@: very slightly contaminated, non-regenerating
A: damage resistance, heal wounds, sense surroundings 1, no regeneration
a: Heal Wounds


You were on level 3 of the Dungeon.
You were not hungry.

You visited 1 branch of the dungeon, and saw 4 of its levels.

You collected 35 gold pieces.

Inventory:

Hand Weapons
 e - a +0 dagger (weapon)
 i - a +0 morningstar
Missiles
 a - 13 bolts
Armour
 h - a +0 ring mail (worn)
Scrolls
 g - a scroll of immolation {unknown}
Potions
 d - a potion of magic {unknown}
 f - a potion of brilliance {unknown}
Books
 b - a book of Necromancy

   Spells                             Type                      Level
   a - Pain                           Necromancy                   1
   b - Animate Skeleton               Necromancy                   1
   c - Vampiric Draining              Necromancy                   3
   d - Regeneration                   Charms/Necromancy            3
   e - Animate Dead                   Necromancy                   4
   f - Control Undead                 Necromancy                   4
Comestibles
 c - 2 bread rations


   Skills:
 - Level 2.1 Dodging
 - Level 2.4 Stealth
 + Level 2.5 Spellcasting
 + Level 5.0 Necromancy


You had 6 spell levels left.
You knew the following spells:

 Your Spells              Type           Power        Failure   Level  Hunger
a - Pain                  Necr           ###.         6%          1    #......


Dungeon Overview and Level Annotations

Branches:
Dungeon (4/15)
 Temple: D:4-7

Altars:
Trog

Portals:
Ossuary: D:4


Innate Abilities, Weirdness & Mutations

You are resistant to damage.
You can heal yourself by infusing magical energy.
You passively map a small area around you.
You do not regenerate.


Message History

Aim: an orc wizard, wielding a dagger and wearing a robe (moderately wounded, fast, chance to defeat MR: 78%)
The orc wizard writhes in agony!
The orc wizard hits you but does no damage.
The orc wizard closely misses you.
Unknown command.
Unknown command.
You closely miss the orc wizard.
The orc wizard is almost dead.
The orc wizard hits you with a dagger.
* * * LOW HITPOINT WARNING * * *
You completely miss the orc wizard.
The orc wizard is almost dead.
The orc wizard miscasts a cantrip.
The orc wizard hits you but does no damage.
Unknown command.
Your ring mail prevents you from hitting the orc wizard.
The orc wizard is almost dead.
The orc wizard gestures at you while chanting.
The puff of frost hits you!
You die...

#.......# #.#####.# #.#
#.# #.# #.# #.# #.# #.#
#.# #.#####.# *
###.....#.### , #
#.......#.#@# * .#
#.........#o# ..#
#.#.##....#r# * ...#
#.#<...##.#.# *,.....
#.#.#..##.#.######......
*
#.#.#..##.#......'......
#.#.#..##.#.######......
#.#.#..##.#.# ...##
#.#.#†.##.#.# ..#


You could see an orc wizard and a rat.

Vanquished Creatures
  An orc wizard (D:4)
  A leopard gecko (D:3)
  A bat (D:3)
  3 goblins
  A hobgoblin (D:4)
  A quokka (D:2)
  A kobold (D:1)
  A rat (D:1)
10 creatures vanquished.

Notes
Turn   | Place    | Note
-------+----------+-------------------------------------------
     0 | D:1      | letownia2 the Deep Dwarf Necromancer began the quest for the Orb.
     0 | D:1      | Reached XP level 1. HP: 15/15 MP: 3/3
   180 | D:2      | Noticed an orc priest
   181 | D:2      | Noticed an orc wizard
   244 | D:3      | Reached XP level 2. HP: 17/22 MP: 1/5
   386 | D:4      | Found a sand-covered staircase.
   424 | D:4      | Found a bloodstained altar of Trog.
   453 | D:4      | Reached skill level 5 in Necromancy
   453 | D:4      | Reached XP level 3. HP: 12/28 MP: 0/6
   491 | D:3      | HP: 1/28 [orc wizard/dagger (2)]
   493 | D:3      | Killed from afar by an orc wizard

Skill      XL: |  1  2 |
---------------+-------+-----
Spellcasting   | 2 |  2.5
Necromancy     | 5 |  5.0
Dodging        | |  2.1
Stealth        | |  2.4

Action                   || total
-------------------------++-------
Melee: Dagger            ||    23
       Unarmed           ||     1
 Cast: Pain              ||    23
Armor: Ring mail         ||     9
Dodge: Dodged            ||    15
